 Dungeon Crawl Stone Soup version 0.28-a0-732-g75e6d9beac (webtiles) character file.

Game seed: 3717195426661663125

10589 Conn the Arsonist (level 11, -1/102 HPs)
             Began as an Octopode Fire Elementalist on Oct 29, 2021.
             Was an Elder of Sif Muna.
             Slain by an orc warlord (18 damage)
             ... on level 1 of the Orcish Mines.
             The game lasted 00:31:36 (12867 turns).

Conn the Arsonist (Octopode Fire Elementalist)     Turns: 12867, Time: 00:31:37

Health: -1/102     AC:  1    Str: 15    XL:     11   Next: 64%
Magic:  9/23       EV: 22    Int: 20    God:    Sif Muna [****..]
Gold:   30         SH:  0    Dex: 12    Spells: 14/27 levels left

rFire   . . .      SeeInvis .   y - +4 falchion (freeze)
rCold   . . .      Faith    .   (no shield)
rNeg    + . .      Spirit   .   (helmet restricted)
rPois   .          Reflect  +   N - amulet of reflection
rElec   .          Harm     .   j - +4 ring of evasion
rCorr   .          Rampage  .   m - +6 ring of strength
Will    .....                   w - +4 ring of evasion
Stlth   ..........              L - ring of positive energy
HPRegen 0.27/turn               (no ring)
MPRegen 0.18/turn               (no ring)
                                (no ring)
                                (no ring)

@: confused, mighty, berserking, about to teleport, ambrosia-drunk, very quick
A: almost no armour, amphibious, 8 rings, camouflage 1, gelatinous body 1,
(nimble swimmer 1), tentacles
a: Renounce Religion, Channel Magic, Forget Spell, Divine Exegesis


You were on level 1 of the Orcish Mines.
You worshipped Sif Muna.
Sif Muna was greatly pleased with you.
You visited 3 branches of the dungeon, and saw 13 of its levels.

You collected 450 gold pieces.
You spent 420 gold pieces at shops.

Inventory:

Hand Weapons
 a - a +0 dagger
 b - a +0 short sword
 y - a +4 falchion of freezing (weapon)
Missiles
 t - 96 poisoned darts (quivered)
 F - 3 atropa-tipped darts
 G - 2 curare-tipped darts
Armour
 x - a +0 buckler
 D - a +2 kite shield
Jewellery
 j - a +4 ring of evasion (left tentacle)
 m - a +6 ring of strength (right tentacle)
 w - a +4 ring of evasion (on tentacle)
 L - a ring of positive energy (on tentacle)
 N - an amulet of reflection (around mantle)
Wands
 n - a wand of flame (33)
 A - a wand of acid (7)
 B - a wand of charming (10)
 I - a wand of iceblast (7)
Scrolls
 c - a scroll of summoning {unknown}
 d - 2 scrolls of silence {unknown}
 e - 3 scrolls of enchant armour {unknown}
 g - a scroll of acquirement {unknown}
 i - a scroll of torment {unknown}
 p - 4 scrolls of teleportation
 r - 4 scrolls of magic mapping {unknown}
 s - a scroll of amnesia {unknown}
 u - 3 scrolls of enchant weapon {unknown}
 C - a scroll of brand weapon {unknown}
 E - a scroll of blinking {unknown}
 J - a scroll of fear {unknown}
 K - 2 scrolls of fog {unknown}
Potions
 h - 4 potions of curing
 k - a potion of ambrosia
 l - a potion of flight
 o - a potion of berserk rage
 z - 2 potions of haste
 H - a potion of mutation
 O - a potion of attraction {unknown}


   Skills:
 + Level 3.9 Fighting
 + Level 3.1(4.1) Short Blades
 + Level 4.1(4.6) Long Blades
 + Level 0.2 Throwing
 + Level 4.6 Dodging
 + Level 7.8 Stealth
 + Level 0.2 Shields
 + Level 8.9 Spellcasting
 + Level 7.0 Conjurations
 + Level 2.4 Hexes
 + Level 9.2 Fire Magic
 * Level 4.4 Invocations


You had 14 spell levels left.
You knew the following spells:

 Your Spells              Type           Power      Damage    Failure   Level
a - Foxfire               Conj/Fire      100%       2x1d9     1%          1
b - Conjure Flame         Conj/Fire      41%        6-21      1%          3
c - Inner Flame           Hex/Fire       32%        N/A       2%          3
d - Flame Wave            Conj/Fire      41%        3d8       2%          4
e - Scorch                Fire           90%        2d9       1%          2

Your spell library contained the following spells:

 Spells                   Type           Power      Damage    Failure   Level
 Magic Dart               Conj           100%       1d8       1%          1
 Ensorcelled Hibernation  Hex/Ice        26%        N/A       7%          2
 Summon Small Mammal      Summ           32%        N/A       8%          1
 Mephitic Cloud           Conj/Pois/Air  18%        N/A       9%          3
 Call Imp                 Summ           8%         N/A       12%         2
 Sublimation of Blood     Necr           4%         N/A       12%         2
 Wereblood                Tmut           8%         N/A       12%         2
 Summon Guardian Golem    Hex/Summ       13%        N/A       14%         3
 Call Canine Familiar     Summ           8%         N/A       24%         3
 Spider Form              Tmut/Pois      4%         N/A       24%         3
 Summon Hydra             Summ           4%         N/A       100%        7


Dungeon Overview and Level Annotations

Branches:
Dungeon (11/15)            Temple (1/1) D:4            Lair (0/6) D:11
    Orc (1/2) D:9

Altars:
Ashenzari
Cheibriados
Dithmenos
Elyvilon
Gozag
Kikubaaqudgha
Makhleb
Nemelex Xobeh
Okawaru
Qazlal
Sif Muna
Trog
Uskayaw
Vehumet
Wu Jian
Zin
The Shining One

Shops:
D:11 :=   Orc:1 *

Annotations:
D:4 2 transporters, 1 runed translucent door, paps's ghost, amateur DsGl
D:5 1 runed translucent door, hemabe71's ghost, amateur HuAr
D:7 1 runed translucent door, exclusion: 4 orange crystal statues


Innate Abilities, Weirdness & Mutations

You cannot wear most types of armour.
You are amphibious.
You can wear up to eight rings at the same time.
Your skin changes colour to match your surroundings (Stealth+).
Your rubbery body absorbs attacks. (AC +1, EV +1)
((You are camouflaged near water. (Stealth+)))
You have tentacles for arms and can constrict up to eight enemies at once.


Message History

Flame seeps out of the orc warrior.
The orc warrior barely misses you.
Aiming: Iceblast
Press: ? - help, Shift-Dir - straight line, f/p - orc warrior
Aim: an orc warrior, wielding a +0 trident and wearing a +0 chain mail (flame, severely wounded, inner flame, strong)
The mass of ice explodes!
The iceblast engulfs the orc warrior!
Flame seeps out of the orc warrior.
The orc warrior is almost dead.
The orc warrior is engulfed in blazing flames.
Sif Muna accepts your kill.
The orc warrior explodes!
You hear a shout!
Unknown command.
It was a potion of might.
You feel very mighty all of a sudden.
An orc comes into view. It is wielding a +0 flail.
Okay, then.
Okay, then.
Casting: Foxfire (safe; 1% risk of failure)
Confirm with . or Enter, or press ? or * to list all spells.
Okay, then.
Okay, then.
Casting: Foxfire (safe; 1% risk of failure)
Confirm with . or Enter, or press ? or * to list all spells.
Okay, then.
Unknown command.
As you read the scroll of teleportation, it crumbles to dust.
You feel strangely unstable.
The orc warlord roars a battlecry!
The orc goes into a battle-frenzy!
You hear a shout! x2
Casting: Foxfire (safe; 1% risk of failure)
Confirm with . or Enter, or press ? or * to list all spells.
Okay, then.
You are confused.
You feel invigorated.
Okay, then.
A red film seems to cover your vision as you go berserk!
You feel yourself moving faster!
You feel mighty!
The orc warlord hits you with a +3 long sword of holy wrath!!
You die...

.. ..... .....
.....### .......####
#.....#.. #....§§###
##....§)o.#
#......##@#
.o.###.....####
##...oT#.....#.#
............###
..$...o.)..# #
#.....).)###
.##..........# ##
..#..........###.###
..#..$.....$.......#


You could see an orc warlord.

Vanquished Creatures
  A two-headed ogre (D:7)
  2 orc sorcerers (Orc:1)
  A manticore (D:11)
  Maggie (D:7)
  A komodo dragon (D:11)
  2 trolls (Orc:1)
  A slime creature (D:6)
  A shadow (D:11)
  10 yaks
  A wyvern (D:10)
  Eustachio (D:4)
  5 wargs (Orc:1)
  A water moccasin (D:6)
  2 black bears
  A sky beast (D:6)
  An ice beast (D:5)
  4 orc warriors
  5 centaurs
  9 ogres
  3 kobold brigands
  A phantom (D:4)
  2 gnoll sergeants
  2 bullfrogs
  2 scorpions
  A water moccasin zombie (D:7)
  A water moccasin skeleton (D:4)
  8 killer bees
  17 wights
  3 howler monkeys (D:11)
  6 hounds
  3 bullfrog skeletons
  10 jellies
  Crazy Yiuf (D:3)
  2 centaur zombies
  3 orc priests
  2 iguanas
  10 orc wizards
  5 adders
  8 gnolls
  2 shadow imps
  A white imp (D:5)
  An adder skeleton (D:4)
  2 worms
  A dart slug (D:2)
  23 orcs
  3 ball pythons
  16 endoplasms
  A giant cockroach (D:1)
  3 goblins
  5 hobgoblins
  3 jackals (D:2)
  21 kobolds
  4 quokkas
  5 bats
  3 frilled lizards
  3 rats
237 creatures vanquished.

Vanquished Creatures (collateral kills)
  An orc (Orc:1)
  A foxfire (D:1)
2 creatures vanquished.

Vanquished Creatures (others)
  641 foxfires
  10 fungi
  20 plants (D:11)
  2 withered plants (D:4)
673 creatures vanquished.

Grand Total: 912 creatures vanquished

Notes
Turn   | Place    | Note
-------+----------+-------------------------------------------
     0 | D:1      | Conn the Octopode Fire Elementalist began the quest for the
                  | Orb.
     0 | D:1      | Reached XP level 1. HP: 11/11 MP: 3/3
   204 | D:1      | Reached XP level 2. HP: 15/17 MP: 0/5
   599 | D:1      | Found a faded altar of an unknown god.
  1058 | D:2      | Reached XP level 3. HP: 11/21 MP: 6/6
  2203 | D:3      | Found a broken altar of Ashenzari.
  2221 | D:3      | Reached XP level 4. HP: 27/27 MP: 2/7
  2600 | D:3      | Found a runed translucent door.
  2601 | D:3      | Noticed Crazy Yiuf
  2608 | D:3      | Learned a level 3 spell: Conjure Flame
  2612 | D:3      | Learned a level 3 spell: Inner Flame
  3018 | D:3      | Killed Crazy Yiuf
  3019 | D:3      | Reached XP level 5. HP: 31/31 MP: 0/9
  3198 | D:4      | Found a transporter.
  3202 | D:4      | Noticed an ice beast
  3202 | D:4      | Noticed an ice beast
  3202 | D:4      | Noticed an ice beast
  3253 | D:4      | Reached skill level 4 in Fire Magic
  3382 | D:4      | Found a runed translucent door.
  3382 | D:4      | Noticed paps's ghost (amateur DsGl)
  3391 | D:4      | Found a stormy altar of Qazlal.
  3451 | D:4      | Noticed a phantom
  3465 | D:4      | Killed a phantom
  3466 | D:4      | Reached skill level 5 in Stealth
  3466 | D:4      | Reached XP level 6. HP: 35/36 MP: 11/11
  3476 | D:4      | Found a transporter.
  3499 | D:4      | Reached skill level 1 in Fighting
  3546 | D:4      | Noticed Eustachio
  3552 | D:4      | Killed Eustachio
  3553 | D:4      | Reached skill level 1 in Short Blades
  3656 | D:4      | Reached XP level 7. HP: 43/43 MP: 7/12
  3950 | D:4      | Found a sparkling altar of Nemelex Xobeh.
  4050 | D:4      | Found a staircase to the Ecumenical Temple.
  4062 | Temple   | Entered the Ecumenical Temple
  4232 | Temple   | Became a worshipper of Sif Muna the Loreminder
  4689 | D:5      | Entered Level 5 of the Dungeon
  4702 | D:5      | Reached skill level 5 in Fire Magic
  4946 | D:4      | Learned a level 4 spell: Flame Wave
  4949 | D:4      | Learned a level 2 spell: Scorch
  5154 | D:5      | Reached XP level 8. HP: 42/48 MP: 5/14
  5851 | D:5      | Found a runed translucent door.
  5851 | D:5      | Noticed hemabe71's ghost (amateur HuAr)
  6149 | D:6      | Reached skill level 6 in Fire Magic
  6188 | D:6      | Reached skill level 5 in Spellcasting
  6217 | D:6      | Found a bloodstained altar of Trog.
  6218 | D:6      | Found an iron altar of Okawaru.
  6862 | D:6      | Noticed a slime creature
  6878 | D:6      | Killed a slime creature
  6879 | D:6      | Reached XP level 9. HP: 41/54 MP: 1/17
  7117 | D:6      | Reached * piety under Sif Muna
  7324 | D:6      | Reached skill level 7 in Fire Magic
  7856 | D:7      | Noticed a two-headed ogre
  7885 | D:7      | Killed a two-headed ogre
  7886 | D:7      | Reached skill level 5 in Conjurations
  7989 | D:7      | Noticed Maggie
  7999 | D:7      | Killed Maggie
  8000 | D:7      | Reached skill level 1 in Hexes
  8000 | D:7      | Reached XP level 10. HP: 22/61 MP: 12/20
  8338 | D:7      | Found a runed translucent door.
  8344 | D:7      | Found the +10 tower shield of Ignorance {rN+ Int-4}
  8347 | D:7      | Noticed an orange crystal statue
  8347 | D:7      | Noticed an orange crystal statue
  8347 | D:7      | Noticed an orange crystal statue
  8347 | D:7      | Noticed an orange crystal statue
  8582 | D:7      | Reached skill level 1 in Long Blades
  8796 | D:7      | Found a runed translucent door.
  9122 | D:8      | Reached skill level 8 in Fire Magic
  9135 | D:8      | Reached ** piety under Sif Muna
  9721 | D:8      | Found a glowing golden altar of the Shining One.
 10556 | D:9      | Found a staircase to the Orcish Mines.
 10892 | D:9      | Reached *** piety under Sif Muna
 11053 | D:10     | Entered Level 10 of the Dungeon
 11162 | D:10     | Reached skill level 1 in Invocations
 11252 | D:10     | Found a white marble altar of Elyvilon.
 11272 | D:10     | Reached XP level 11. HP: 59/66 MP: 9/23
 11411 | D:10     | Found a radiant altar of Vehumet.
 11740 | D:11     | Noticed a manticore
 11750 | D:11     | Killed a manticore
 11884 | D:11     | Found Ineuv's Jewellery Boutique.
 12088 | D:11     | Bought an amulet of reflection for 420 gold pieces
 12526 | D:11     | Found Ytilal's Book Shoppe.
 12643 | D:11     | Found a staircase to the Lair.
 12809 | Orc:1    | Entered Level 1 of the Orcish Mines
 12809 | Orc:1    | Noticed an orc warlord
 12809 | Orc:1    | Noticed an orc sorcerer
 12811 | Orc:1    | Killed an orc sorcerer
 12812 | Orc:1    | Reached skill level 9 in Fire Magic
 12814 | Orc:1    | Noticed an orc sorcerer
 12815 | Orc:1    | Found Paczorph's Assorted Antiques.
 12820 | Orc:1    | Killed an orc sorcerer
 12823 | Orc:1    | Reached **** piety under Sif Muna
 12839 | Orc:1    | Noticed an orc warlord
 12861 | Orc:1    | HP: 3/68 [orc warrior[an orc warlord] (24)]
 12867 | Orc:1    | Slain by an orc warlord

Illustrated notes

Levels and vault maps discovered:
D:1:      minmay_arrival_glassed_features, layout_basic,
          ebering_ecumenical_altar_petrified
D:2:      layout_loops_cross
D:3:      layout_loops_ring, cheibrodos_ashenzari_chains,
          uniq_crazy_yiuf_cottage
D:4:      gammafunk_cloud_chamber, layout_basic,
          mainiacjoe_overflow_tiny_flanked, nemelex_xobeh_ov_fountains_minmay,
          minmay_temple_entry_statues_fountains, gammafunk_ghost_grave,
          uniq_eustachio
D:5:      layout_basic, ebering_ghost_inner_flame, feat_on_display
D:6:      lemuel_slime, layout_loops_ring, grunt_temple_overflow_bloody_war
D:7:      layout_loops_ring, chequers_serial_rivers_micro_a,
          chequers_guarded_unrand_ignorance, uniq_maggie
D:8:      layout_loops_ring, tso_altar
D:9:      layout_gridville, orc_0_dummy, minivault_21
D:10:     layout_rooms, mainiacjoe_overflow_large_starburst, interstate_on_off
D:11:     layout_cave_pools, david_lair_shrubbed, nicolae_take_the_stairs,
          minmay_shop_enchanted_jewellery, blue_anna_alchemist
Temple:   minmay_temple_curvy_branch
Orc:1:    layout_diamond_mine, serial_shops, nicolae_shop_overgrown_old_shop,
          shop, mines_bat_river

Skill      XL: |  1  2  3  4  5  6  7  8  9 10 11 |
---------------+----------------------------------+-----
Stealth        | 3 5 6 7 |  7.8
Spellcasting   | 3 4 5 7 8 |  8.9
Conjurations   | 2 4 5 6 7 |  7.0
Fire Magic     | 4 5 6 7 8 9 |  9.2
Fighting       | 1 2 3 |  3.9
Short Blades   | 1 2 3 |  3.1
Dodging        | 3 4 |  4.6
Hexes          | 1 2 |  2.4
Long Blades    | 3 4 |  4.1
Invocations    | 1 4 |  4.4
Throwing       | |  0.2
Shields        | |  0.2

Action                   |  1- 3 |  4- 6 |  7- 9 | 10-12 || total
-------------------------+-------+-------+-------+-------++-------
Melee: Short sword       |    36 |    23 |    56 |       ||   115
       Constrict         |     8 |     6 |    15 |    13 ||    42
       Tentacles         |     6 |     6 |    14 |    19 ||    45
       Falchion          |       |       |       |    67 ||    67
Throw: Dart              |       |       |     2 |       ||     2
 Cast: Foxfire           |    44 |    40 |   147 |   148 ||   379
       Inner Flame       |       |       |     7 |    16 ||    23
       Flame Wave        |       |       |     4 |    13 ||    17
       Conjure Flame     |       |       |     5 |     9 ||    14
       Scorch            |       |       |     1 |     1 ||     2
Evoke: Wand              |       |       |       |     6 ||     6
  Use: Scroll            |       |       |     1 |     9 ||    10
       Potion            |       |       |     1 |     5 ||     6
 Stab: Sleeping          |     3 |     4 |     5 |     4 ||    16
       Invisible         |       |       |       |     1 ||     1
Armor: Skin              |     4 |     1 |     2 |     2 ||     9
Dodge: Dodged            |    28 |    14 |    72 |   132 ||   246
Block: Other             |       |       |       |     6 ||     6

Table legend: (Time is in decaauts)
 A = Elapsed time spent in this place.
 B = Non-inter-level travel time spent in this place.
 C = Inter-level travel time spent in this place.
 D = Time resting spent in this place.
 E = Time spent auto-exploring this place.
 F = Levels seen in this place.
 G = Mean time per level.
                   A        B        C        D        E       F      G
               +--------+--------+--------+--------+--------+-----+--------+
         Total |  12876 |  12577 |    299 |   1039 |   8945 |  13 |  990.5 |
       Dungeon |  12626 |  12348 |    278 |   1039 |   8783 |  11 | 1147.8 |
        Temple |    192 |    172 |     20 |      0 |    162 |   1 |  192.0 |
  Orcish Mines |     58 |     58 |      0 |      0 |      0 |   1 |   58.0 |
               +--------+--------+--------+--------+--------+-----+--------+

Top non-repeatable levels by time:
     D:6: 1551 daAuts
     D:4: 1503 daAuts
     D:7: 1460 daAuts
     D:2: 1152 daAuts
     D:9: 1108 daAuts
     D:3: 1082 daAuts
    D:11: 1069 daAuts
     D:8: 1048 daAuts
     D:5: 1034 daAuts
     D:1: 943 daAuts
    D:10: 672 daAuts
  Temple: 192 daAuts
   Orc:1: 58 daAuts
